 Dungeon Crawl Stone Soup version 0.18-a0-1070-gd466a24 (webtiles) character file.

579 coffecat the Stinger (level 7, 0/32 HPs)
             Began as a Spriggan Venom Mage on Jan 14, 2016.
             Killed by divine providence
             ... invoked by an orc priest
              (16 damage)
             ... on level 6 of the Dungeon.
             The game lasted 00:27:05 (7526 turns).

coffecat the Stinger (Spriggan Venom Mage)          Turns: 7526, Time: 00:27:05

Health: 0/32       AC:  2    Str:  4    XL:     7   Next: 13%
Magic:  1/16       EV: 21    Int: 17    God:
Gold:   157        SH:  0    Dex: 18    Spells: 4 memorised, 6 levels left

rFire  . . .     SeeInvis +     t - +0 dagger
rCold  . . .     Gourm    .     a - +0 robe
rNeg   . . .     Faith    .     (shield restricted)
rPois  .         Spirit   .     (helmet restricted)
rElec  .         Dismiss  .     (no cloak)
rCorr  .         Reflect  .     (gloves unavailable)
SustAt .         Harm     .     (boots unavailable)
MR     +....                    (no amulet)
Stlth  +++.......               (no ring)
                                (no ring)

@: very quick, somewhat resistant to hostile enchantments, fairly stealthy
A: unfitting armour, see invisible, herbivore 3, speed 3, slow metabolism 2
a: no special abilities


You were on level 6 of the Dungeon.
You were not hungry.

You visited 1 branch of the dungeon, and saw 6 of its levels.

You collected 157 gold pieces.

Inventory:

Hand Weapons
 p - a +0 whip
 t - a +0 dagger (weapon)
Armour
 a - a +0 robe (worn)
Jewellery
 f - a +5 ring of dexterity {unknown}
 q - an uncursed ring of fire {unknown}
 s - an uncursed ring of flight {unknown}
Wands
 m - a wand of fireball (5/15)
 n - a wand of lightning (8/15)
Scrolls
 e - 3 scrolls of identify
 g - a scroll of teleportation
 u - a scroll of remove curse
 v - a scroll of random uselessness {unknown}
Potions
 d - 2 potions of lignification {unknown}
 h - a potion of cure mutation {unknown}
 j - a potion of heal wounds {unknown}
 k - a potion of resistance
 l - a potion of agility {unknown}
 o - 2 potions of haste
 r - 2 potions of brilliance {unknown}
 w - a potion of curing {unknown}
Books
 b - a Young Poisoner's Handbook

   Spells                             Type                      Level
   a - Sting                          Conjuration/Poison           1
   b - Cure Poison                    Poison                       2
   c - Mephitic Cloud                 Conjuration/Poison/Air       3
   d - Olgreb's Toxic Radiance        Poison                       4
   e - Venom Bolt                     Conjuration/Poison           5
Comestibles
 c - 5 bread rations
 i - 7 fruits


   Skills:
 + Level 0.4 Fighting
 + Level 0.4 Short Blades
 + Level 0.1 Maces & Flails
 + Level 5.1 Dodging
 + Level 4.6 Stealth
 + Level 5.3 Spellcasting
 + Level 2.4 Conjurations
 + Level 5.5 Poison Magic


You had 6 spell levels left.
You knew the following spells:

 Your Spells              Type           Power        Failure   Level  Hunger
a - Sting                 Conj/Pois      ###.         2%          1    None
b - Mephitic Cloud        Conj/Pois/Air  ##......     17%         3    ##.....
c - Cure Poison           Pois           ###.......   2%          2    #......
d - Olgreb's Toxic Radia  Pois           ###.....     17%         4    ####...


Dungeon Overview and Level Annotations

Branches:
Dungeon (6/15)
 Temple: D:4-7

Altars:
Cheibriados
Kikubaaqudgha


Innate Abilities, Weirdness & Mutations

You are tiny and cannot use many weapons and most armour.
You have supernaturally acute eyesight.
You are a herbivore.
You cover ground extremely quickly.
You need consume almost no food.


Message History

Press: ? - help, Shift-Dir - straight line, f/p - centaur
Aim: a centaur (heavily wounded, poisoned)
The sting hits the centaur.
The centaur looks even sicker.
The centaur is severely wounded.
The centaur wields an uncursed shortbow.
The centaur shoots an arrow.
The arrow hits you!
The centaur shoots an arrow.
The arrow closely misses you.
Casting: Sting
Confirm with . or Enter, or press ? or * to list all spells.
Aiming: Sting
Press: ? - help, Shift-Dir - straight line, f/p - centaur
Aim: a centaur, wielding a shortbow (severely wounded, poisoned)
The sting hits the centaur.
The centaur looks even sicker.
The centaur is almost dead.
The centaur shoots an arrow.
The arrow completely misses you.
The centaur shoots an arrow.
The arrow barely misses you.
The orc priest invokes the aid of Beogh against you.
Something smites you!
Ouch! That really hurt!
You die...

#................#
#................#
#................#
#................##
+.................#
#.................#
#..........###.......
#######'##.# #........
#@##<# #........
###(######........
#(.......+........
######c#o######.......
+................
##.###.#o....#...
#.##.##.# #.
##.......#
#.#.....†.##


You could see a centaur, an orc priest and an orc.

Vanquished Creatures
  A sky beast (D:6)
  A giant frog skeleton (D:4)
  2 jellies
  An orc priest (D:3)
  Jessica (D:2)
  A centaur skeleton (D:4)
  2 orc wizards (D:3)
  2 worker ants (D:6)
  A hound skeleton (D:4)
  10 adders
  An ooze (D:2)
  An adder zombie (D:5)
  An adder skeleton (D:4)
  4 worms
  8 giant geckos
  11 orcs
  3 ball pythons
  5 giant cockroaches
  10 goblins
  3 hobgoblins
  3 quokkas
  10 bats
  2 giant gecko skeletons
  4 giant newts
  7 kobolds
  A quokka skeleton (D:4)
  5 rats
101 creatures vanquished.

Notes
Turn   | Place    | Note
--------------------------------------------------------------
     0 | D:1      | coffecat the Spriggan Venom Mage began the quest for the Orb.
     0 | D:1      | Reached XP level 1. HP: 9/9 MP: 5/5
   390 | D:1      | Reached XP level 2. HP: 13/13 MP: 2/6
  1323 | D:2      | Reached XP level 3. HP: 16/16 MP: 2/8
  1663 | D:2      | Noticed Jessica
  1666 | D:2      | Killed Jessica
  1666 | D:2      | Reached skill level 1 in Conjurations
  1666 | D:2      | Reached XP level 4. HP: 21/21 MP: 7/10
  1698 | D:2      | Learned a level 3 spell: Mephitic Cloud
  2770 | D:2      | Learned a level 2 spell: Cure Poison
  2846 | D:2      | Learned a level 4 spell: Olgreb's Toxic Radiance
  3111 | D:3      | Found a snail-covered altar of Cheibriados.
  3280 | D:3      | Reached XP level 5. HP: 24/24 MP: 0/12
  3869 | D:3      | Reached skill level 5 in Poison Magic
  4710 | D:5      | Entered Level 5 of the Dungeon
  5031 | D:4      | Reached XP level 6. HP: 3/28 MP: 13/13
  6734 | D:5      | Found an ancient bone altar of Kikubaaqudgha.
  7214 | D:6      | Reached skill level 5 in Spellcasting
  7216 | D:6      | Noticed a sky beast
  7242 | D:6      | Killed a sky beast
  7242 | D:6      | Reached XP level 7. HP: 22/32 MP: 8/15
  7302 | D:6      | Reached skill level 5 in Dodging
  7526 | D:6      | Killed from afar by an orc priest

Vault maps used:
D:1:      erik_arrival_cave_to_civilisation, minmay_tree_intersection
D:2:      first_bread, uniq_jessica
D:3:      lemuel_round_altar, portal_sewer_entry_f, kennysheep_generic_room_13
D:4:      kennysheep_the_goblin_king, minmay_liquid_box, due_unseen_surprise
D:5:      kiku_gazebo_pond_becter, kennysheep_small_spiral
D:6:      lemuel_temple_firewalk_marked

Action                   |  1- 3 |  4- 6 |  7- 9 || total
-------------------------+-------+-------+-------++-------
Melee: Unarmed           |    11 |     2 |       ||    13
       Whip              |       |    40 |       ||    40
       Dagger            |       |   137 |    15 ||   152
 Cast: Sting             |    65 |   195 |    21 ||   281
       Mephitic Cloud    |       |     8 |     1 ||     9
       Cure Poison       |       |     1 |       ||     1
Evoke: Wand              |       |     1 |       ||     1
  Use: Scroll            |       |     7 |       ||     7
       Potion            |       |     1 |       ||     1
 Stab: Distracted        |       |     1 |       ||     1
       Sleeping          |       |     4 |     1 ||     5
  Eat: Fruit             |       |     5 |       ||     5
